 Dungeon Crawl Stone Soup version 0.30-a0-748-ge6a52f7cba (webtiles) character file.

Game seed: 7007430517792468478

470 Dittersdorf the Trooper (level 7, 0/44 HPs)
             Began as a Gargoyle Fighter on Feb 8, 2023.
             Slain by a two-headed ogre
             ... wielding a +0 giant club
              (12 damage)
             ... on level 5 of the Dungeon.
             The game lasted 00:05:41 (3372 turns).

Dittersdorf the Trooper (Gargoyle Fighter)          Turns: 3372, Time: 00:05:41

Health: 0/44       AC: 14    Str: 21    XL:     7   Next: 9%
Magic:  0/7        EV: 12    Int:  9    God:
Gold:   258        SH:  4    Dex:  9    Spells: 6/6 levels left

rFire   . . .      SeeInvis .    a - +1 flail
rCold   . . .      Faith    .    c - +0 buckler
rNeg    + + .      Spirit   +    h - +0 chain mail
rPois   ∞          Reflect  .    (no helmet)
rElec   +          Harm     .    f - scarf {+Inv}
rCorr   .          Rampage  .    (no gloves)
Will    .....                    (no boots) Stlth
                                 l - amulet of guardian spirit
HPRegen 0.27/turn                i - ring of positive energy
MPRegen 0.10/turn                b - +5 ring of evasion

@: studying Fighting
A: sickness immunity, AC +4, negative energy resistance 1, electricity
resistance, torment resistance 1, petrification resistance
a: Evoke Invisibility


You were on level 5 of the Dungeon.
You visited 1 branch of the dungeon, and saw 5 of its levels.
You also visited: Sewer.

You collected 258 gold pieces.

Inventory:

Hand Weapons
 a - a +1 flail (weapon)
Missiles
 u - 4 poisoned darts (quivered)
Armour
 c - a +0 buckler (worn)
 f - a scarf of invisibility (worn)
 h - a +0 chain mail (worn)
Jewellery
 b - a +5 ring of evasion (right hand)
 i - a ring of positive energy (left hand)
 l - an amulet of guardian spirit (around neck)
Wands
 o - a wand of flame (25)
Scrolls
 k - 3 scrolls of teleportation
Potions
 d - 2 potions of might
 e - a potion of mutation
 g - 3 potions of lignification {unknown}
 j - 4 potions of flight
 m - 2 potions of attraction {unknown}
 n - 2 potions of curing {unknown}
 p - 2 potions of heal wounds {unknown}
 r - a potion of cancellation
 t - a potion of haste


   Skills:
 + Level 5.4 Fighting
 + Level 4.0 Maces & Flails
 + Level 5.0 Armour
 + Level 5.1 Shields


You had 6 spell levels left.
You didn't know any spells.
Your spell library contained the following spells:

 Spells                   Type           Power      Damage    Failure   Level
 Necrotise                Necr           0%         1d4       99%         1
 Frozen Ramparts          Ice            0%         1d1       100%        3
 Portal Projectile        Hex/Tloc       0%         N/A       100%        3
 Tukima's Dance           Hex            0%         N/A       100%        3
 Vampiric Draining        Necr           0%         2d6       100%        3
 Ice Form                 Ice/Tmut       0%         N/A       100%        4
 Summon Ice Beast         Ice/Summ       0%         N/A       100%        4
 Agony                    Necr           0%         N/A       100%        5
 Blade Hands              Tmut           0%         N/A       100%        5
 Summon Forest            Summ/Tloc      0%         N/A       100%        5
 Eringya's Noxious Bog    Tmut/Pois      0%         N/A       100%        6
 Summon Hydra             Summ           0%         N/A       100%        7


Dungeon Overview and Level Annotations

Branches:
Dungeon (5/15)              Sewer (visited)
 Temple: D:4-7

Altars:
Ru

Shops:
D:3 *


Innate Abilities, Weirdness & Mutations

You are immune to sickness and miasma.
Your stone body is resilient. (AC +4)
You are immune to poison.
You resist negative energy. (rN+)
You are resistant to electric shocks. (rElec)
You are resistant to unholy torment.
You are immune to petrification.


Message History

You throw a poisoned dart.
The poisoned dart hits the two-headed ogre.
The two-headed ogre is poisoned.
Throw: 5 darts (poison)
Press: ? - help, Q - select action, (/) - cycle Shift-Dir - straight line, f/p - two-headed ogre
Aim: a two-headed ogre, wielding two +0 giant clubs (poisoned, 72% to hit)
You throw a poisoned dart.
The poisoned dart hits the two-headed ogre.
The two-headed ogre looks even sicker.
You hit the two-headed ogre.
The two-headed ogre is lightly wounded.
The two-headed ogre hits you but does no damage.
The two-headed ogre hits you with a +0 giant club!
You hit the two-headed ogre.
The two-headed ogre is moderately wounded.
The two-headed ogre hits you with a +0 giant club.
The two-headed ogre barely misses you.
You sock the two-headed ogre!
The two-headed ogre is heavily wounded.
The two-headed ogre hits you but does no damage.
The two-headed ogre hits you with a +0 giant club!
You hit the two-headed ogre.
The two-headed ogre is severely wounded.
You block the two-headed ogre's attack.
The two-headed ogre hits you with a +0 giant club!!
* * * LOW HITPOINT WARNING * * *
You hit the two-headed ogre.
The two-headed ogre is severely wounded.
You hit the two-headed ogre.
The two-headed ogre is severely wounded.
You block the two-headed ogre's attack. The two-headed ogre closely misses you.
You barely miss the two-headed ogre.
The two-headed ogre is almost dead.
You block the two-headed ogre's attack.
The two-headed ogre completely misses you.
You barely miss the two-headed ogre.
The two-headed ogre is almost dead.
You block the two-headed ogre's attack.
The two-headed ogre hits you with a +0 giant club!
You die...

... .# ..
. . #.. #.
..##..##.
......#..
# ......#
###.#
#...##...#
#.@....#
#.O<..##
#.(####.#
#(# # #.
#. #


You could see a two-headed ogre (poisoned).

Vanquished Creatures
  A bullfrog (D:4)
  A scorpion (D:5)
  A necrophage (D:4)
  A jelly (D:3)
  A sickly merfolk siren (Sewer)
  A malarious merfolk avatar (Sewer)
  6 river rats
  6 adders
  4 worms
  2 dart slugs
  13 ball pythons
  A bat (D:2)
  3 endoplasms
  3 giant cockroaches
  6 goblins
  3 hobgoblins
  5 kobolds
  4 quokkas
  14 frilled lizards
  29 rats
105 creatures vanquished.

Vanquished Creatures (others)
  A ghoul (D:1)
  2 minotaurs (D:1)
  A demonspawn (D:1)
  2 formicids (D:1)
  2 humans (D:1)
  A naga (D:1)
  A dwarf (D:1)
  A tengu (D:1)
  2 orcs (D:1)
  2 kobolds (D:1)
  15 tentacles (D:1)
30 creatures vanquished.

Grand Total: 135 creatures vanquished

Notes
Turn   | Place    | Note
-------+----------+-------------------------------------------
     0 | D:1      | Dittersdorf the Gargoyle Fighter began the quest for the
                  | Orb.
     0 | D:1      | Reached XP level 1. HP: 14/14 MP: 1/1
     2 | D:1      | Noticed a formicid
     2 | D:1      | Noticed a ghoul
     2 | D:1      | Noticed a demonspawn
     2 | D:1      | Noticed a minotaur
     2 | D:1      | Noticed a tengu
     2 | D:1      | Noticed a human
     2 | D:1      | Noticed a minotaur
     2 | D:1      | Noticed a kraken
     2 | D:1      | Noticed a dwarf
     2 | D:1      | Noticed a human
     2 | D:1      | Noticed a naga
     2 | D:1      | Noticed a formicid
     6 | D:1      | Killed a human
     7 | D:1      | Killed a dwarf
    17 | D:1      | Killed a naga
    18 | D:1      | Killed a human
    18 | D:1      | Killed a formicid
    19 | D:1      | Killed a tengu
    26 | D:1      | Killed a demonspawn
    30 | D:1      | Killed a ghoul
    31 | D:1      | Killed a formicid
    34 | D:1      | Killed a minotaur
    35 | D:1      | Killed a minotaur
   217 | D:1      | Reached XP level 2. HP: 19/19 MP: 2/2
   861 | D:2      | Reached XP level 3. HP: 23/23 MP: 3/3
   973 | D:2      | You fall into a shaft and drop 1 floor!
   974 | D:3      | yay!
   978 | D:3      | Found Egec's General Store.
  1125 | D:3      | Reached XP level 4. HP: 20/29 MP: 4/4
  1170 | D:3      | Found a glowing drain.
  1187 | Sewer    | Entered a sewer
  1380 | Sewer    | Reached XP level 5. HP: 25/33 MP: 5/5
  2177 | D:2      | Found a sacrificial altar of Ru.
  2187 | D:2      | Reached XP level 6. HP: 39/39 MP: 6/6
  2785 | D:4      | Identified a scroll of acquirement
  2785 | D:4      | Acquired a manual of Fighting
  2817 | D:4      | Reached skill level 5 in Fighting
  2832 | D:3      | HP: 1/40 [acid (8)]
  3339 | D:5      | Entered Level 5 of the Dungeon
  3348 | D:5      | Reached skill level 5 in Armour
  3348 | D:5      | Reached skill level 5 in Shields
  3348 | D:5      | Reached XP level 7. HP: 40/44 MP: 7/7
  3362 | D:5      | Noticed a two-headed ogre
  3372 | D:5      | Slain by a two-headed ogre

Illustrated notes

.. #.# ..#
...
####.#####
.........#
#........#
#......@.#
##########


Turn 974 on D:3: yay!

Levels and vault maps discovered:
D:1:      nicolae_arrival_kraken_aquarium_b, layout_loops_corners
D:2:      layout_loops_ring, basic_altar
D:3:      layout_rooms, serial_shops, shop_statue, lightli_sewer_entry_pipes
D:4:      layout_cave_pools
D:5:      layout_layer_cave, minmay_misc_feat_secret_circle

Skill      XL: |  1  2  3  4  5  6 |
---------------+-------------------+-----
Armour         | 4 5 |  5.0
Fighting       | 4 5 |  5.4
Shields        | 4 5 |  5.1
Maces & Flails | 3 4 |  4.0

Action                     |  1- 3 |  4- 6 |  7- 9 || total
---------------------------+-------+-------+-------++-------
  Melee: Flail             |   105 |   280 |     8 ||   393
  Throw: Dart              |       |       |     2 ||     2
    Use: Scroll            |     2 |     7 |     2 ||    11
 Armour: Scale mail        |    39 |       |       ||    39
         Chain mail        |    21 |   156 |     2 ||   179
  Dodge: Dodged            |    64 |   106 |     3 ||   173
  Block: Buckler           |    24 |    58 |     4 ||    86

Table legend: (Time is in decaauts)
 A = Elapsed time spent in this place.
 B = Non-inter-level travel time spent in this place.
 C = Inter-level travel time spent in this place.
 D = Time resting spent in this place.
 E = Time spent auto-exploring this place.
 F = Levels seen in this place.
 G = Mean time per level.
                   A        B        C        D        E       F      G
               +--------+--------+--------+--------+--------+-----+--------+
         Total |   3576 |   3432 |    144 |    399 |   1859 |   6 |  596.0 |
       Dungeon |   2846 |   2702 |    144 |    188 |   1758 |   5 |  569.2 |
         Sewer |    729 |    729 |      0 |    211 |    100 |   1 |  729.0 |
               +--------+--------+--------+--------+--------+-----+--------+

Top non-repeatable levels by time:
     D:1: 816 daAuts
     D:3: 795 daAuts
   Sewer: 729 daAuts
     D:2: 685 daAuts
     D:4: 514 daAuts
     D:5: 36 daAuts
